Map: World of Sleepers LE

Players

Ratl - Winner!

  • Race: Protoss Protoss
  • League: Silver
  • Spawn Location: 7:00

matapakos

  • Race: Terran Terran
  • League: Silver
  • Spawn Location: 1:00

VOD

Have the link to the VOD?

Description

Time

  • Played on: Jan. 16, 2020, 2:32 p.m.
  • Length: 17:08
Show
View Real Time Build Order
Export as new Build Order

Ratl Protoss - Winner!

Build Orders:  

Get SALT Encoding   

  12  0:01  Probe  
  13  0:13  Probe  
  14  0:18  Pylon  
  14  0:25  Probe  
  15  0:37  Probe  
  15  0:39  Gateway  
  16  0:48  Assimilator  
  16  0:49  Probe  
  17  0:59  Assimilator  
  17  1:01  Probe  
  18  1:14  Probe  
  18  1:15  Gateway  
  19  1:26  Probe  
  19  1:29  Cybernetics Core  
  20  1:38  Probe, Pylon  
  21  1:50  Probe  
  22  2:02  Probe, Pylon  
  22  2:08  Warp Gate (Chrono Boost)  
  23  2:09  Stalker  
  23  2:14  Stalker  
  27  2:17  Probe  
  28  2:29  Probe  
  29  2:40  Stalker  
  29  2:41  Probe  
  29  2:44  Stalker  
  33  2:56  Probe  
  34  3:08  Probe  
  35  3:17  Nexus  
  35  3:20  Probe  
  36  3:29  Robotics Facility  
  36  3:32  Probe, Gateway  
  37  3:45  Probe  
  38  3:51  Pylon  
  38  3:57  Probe, Pylon  
  39  4:07  Twilight Council  
  39  4:09  Probe  
  40  4:11  Stalker  
  40  4:13  Stalker  
  44  4:25  Probe  
  44  4:29  Probe  
  46  4:37  Probe  
  47  4:41  Probe  
  47  4:43  Stalker  
  50  4:47  Observer  
  50  4:49  Probe  
  50  4:50  Assimilator  
  52  4:55  Probe  
  53  5:01  Probe  
  53  5:05  Forge x2  
  54  5:08  Probe  
  54  5:13  Probe  
  56  5:19  Stalker x3  
  56  5:20  Probe  
  63  5:26  Probe  
  64  5:28  Assimilator  
  64  5:32  Probe  
  64  5:33  Pylon  
  65  5:36  Protoss Ground Weapons Level 1 (Chrono Boost)  
  65  5:38  Probe  
  66  5:44  Immortal  
  66  5:46  Protoss Ground Armor Level 1 (Chrono Boost)  
  70  6:00  Photon Cannon  
  70  6:04  Probe x2  
  72  6:16  Probe x2  
  74  6:23  Immortal  
  78  6:33  Robotics Bay  
  78  6:34  Pylon  
  78  6:38  Pylon  
  78  6:40  Probe  
  78  6:41  Probe  
  63  7:05  Probe (Chrono Boost)  
  61  7:08  Probe (Chrono Boost)  
  62  7:16  Immortal  
  62  7:17  Probe (Chrono Boost)  
  62  7:20  Probe (Chrono Boost)  
  67  7:25  Probe (Chrono Boost)  
  67  7:27  Protoss Ground Weapons Level 2 (Chrono Boost)  
  67  7:28  Probe (Chrono Boost)  
  69  7:33  Probe x2 (Chrono Boost)  
  69  7:36  Stalker  
  73  7:37  Stalker x2  
  73  7:44  Probe x2, Gateway  
  79  7:46  Gateway  
  79  7:52  Gateway  
  79  8:04  Stalker x3  
  85  8:11  Protoss Ground Armor Level 2 (Chrono Boost)  
  85  8:15  Colossus  
  91  8:24  Blink  
  91  8:32  Extended Thermal Lance (Chrono Boost)  
  91  8:42  Stalker  
  93  8:56  Photon Cannon  
  93  8:59  Photon Cannon  
  93  9:00  Pylon  
  93  9:07  Pylon  
  85  9:26  Pylon  
  77  9:43  Immortal  
  77  9:44  Stalker  
  79  9:46  Stalker x4  
  79  9:47  Stalker  
  89  9:58  Nexus  
  89  10:01  Probe x2  
  89  10:02  Protoss Ground Weapons Level 3 (Chrono Boost)  
  91  10:19  Immortal (Chrono Boost)  
  91  10:20  Probe x2  
  97  10:32  Probe x2  
  97  10:35  Protoss Ground Armor Level 3 (Chrono Boost)  
  99  10:41  Pylon  
  99  10:44  Probe x2  
  101  10:51  Stalker  
  101  10:56  Stalker, Robotics Facility  
  105  10:57  Assimilator  
  105  10:59  Stalker  
  107  11:09  Colossus (Chrono Boost)  
  113  11:22  Shield Battery  
  113  11:23  Shield Battery  
  113  11:24  Shield Battery  
  113  11:27  Shield Battery  
  113  11:45  Stalker x4  
  113  11:46  Stalker x2  
  125  11:51  Probe  
  125  11:52  Probe x2  
  128  12:11  Assimilator  
  128  12:15  Colossus  
  138  12:22  Immortal  
  138  12:24  Stalker  
  140  12:33  Pylon  
  140  12:35  Pylon  
  140  12:38  Pylon  
  140  12:42  Pylon  
  140  12:46  Pylon  
  140  12:54  Stalker x4  
  140  12:55  Stalker  
  150  13:01  Shield Battery  
  150  13:02  Shield Battery  
  150  13:03  Shield Battery  
  150  13:04  Pylon  
  150  13:06  Pylon  
  150  13:09  Stalker  
  132  13:34  Stalker  
  132  13:35  Immortal (Chrono Boost), Stalker x4  
  146  13:43  Protoss Shields Level 1, Warp Prism (Chrono Boost)  
  148  14:03  Stargate  
  148  14:05  Warp Prism  
  148  14:09  Dark Shrine  
  150  14:11  Protoss Air Weapons Level 1  
  142  14:41  Stalker x5  
  148  14:47  Stalker  
  144  15:53  Stalker x3  
  144  15:54  Stalker  
  130  16:05  Nexus  
  106  16:27  Stalker x6  
  108  16:55  Stalker x4  
  108  16:56  Stalker x2  
  124  17:07  Assimilator x2  
Show
View Real Time Build Order
Export as new Build Order

matapakos Terran 

Build Orders:  

Get SALT Encoding   

  12  0:01  SCV  
  13  0:13  Supply Depot  
  13  0:18  SCV  
  14  0:28  Refinery  
  14  0:30  SCV  
  15  0:42  SCV  
  16  0:47  Barracks  
  16  0:54  SCV  
  17  1:06  SCV  
  18  1:19  SCV  
  19  1:31  SCV  
  20  1:36  Reaper  
  21  1:41  Command Center  
  21  1:48  Orbital Command  
  21  1:58  Factory  
  21  2:09  Barracks Reactor  
  21  2:15  SCV  
  22  2:28  SCV  
  23  2:48  Starport  
  22  2:59  SCV  
  22  3:02  Orbital Command  
  23  3:08  Supply Depot  
  23  3:13  SCV  
  23  3:16  Barracks Tech Lab  
  24  3:20  Refinery, Hellion x2  
  24  3:26  SCV  
  29  3:31  Medivac  
  29  3:33  SCV  
  32  3:38  SCV  
  33  3:43  Refinery, Marauder  
  33  3:45  SCV  
  36  3:50  SCV  
  37  3:57  Hellion x2  
  41  4:04  Marauder  
  41  4:07  SCV x2  
  45  4:19  SCV  
  46  4:28  SCV  
  46  4:29  Hellion x2  
  51  4:31  SCV  
  51  4:32  Supply Depot  
  51  4:33  Refinery  
  51  4:37  Liberator  
  52  4:40  SCV  
  52  4:43  SCV  
  54  4:54  SCV, Marauder  
  54  4:55  SCV, Supply Depot  
  61  5:06  SCV  
  62  5:16  SCV  
  62  5:17  Supply Depot, Marauder, Hellion x2  
  67  5:34  SCV x2  
  69  5:39  Marauder  
  69  5:41  Command Center  
  71  5:48  Supply Depot  
  71  5:50  SCV  
  72  5:57  Barracks  
  72  6:00  SCV, Marauder  
  75  6:09  Barracks  
  75  6:12  Medivac  
  75  6:13  SCV x2  
  75  6:16  Factory Tech Lab  
  75  6:17  Engineering Bay  
  79  6:21  Marauder  
  79  6:25  SCV x2  
  83  6:31  Supply Depot  
  83  6:37  SCV x2  
  85  6:49  SCV  
  85  6:53  SCV, Marauder, Siege Tank  
  87  7:09  SCV x2  
  87  7:11  Supply Depot  
  89  7:22  Marauder  
  91  7:23  Marine  
  91  7:24  Marine  
  91  7:27  Barracks Reactor  
  93  7:30  SCV x2  
  95  7:41  Marine x2  
  95  7:42  SCV  
  95  7:43  Marauder, Orbital Command  
  95  7:44  SCV  
  101  7:47  Refinery  
  101  7:50  Supply Depot  
  101  7:51  Refinery  
  101  7:52  Supply Depot  
  101  7:54  SCV  
  101  7:56  SCV  
  103  8:04  Marauder  
  103  8:05  Siege Tank  
  108  8:06  Terran Infantry Weapons Level 1  
  108  8:08  Marine x4  
  112  8:26  Marine x2, Medivac, Marauder  
  118  8:30  Marine  
  120  8:34  Marine  
  120  8:38  SCV x3  
  123  8:43  Marine  
  123  8:44  Marine  
  123  8:47  Marine, Marauder  
  128  8:50  SCV x3  
  128  8:52  Marine  
  128  8:53  Supply Depot, Command Center  
  132  9:01  Marine  
  133  9:14  Marine x3  
  133  9:15  SCV x3, Marauder  
  127  9:33  Marine, Medivac  
  127  9:34  SCV  
  125  9:38  Marine  
  125  9:47  Stimpack  
  125  10:03  Marine x3, Medivac  
  125  10:04  SCV x3, Supply Depot x2, Marauder  
  135  10:16  SCV x3  
  135  10:19  Refinery  
  138  10:21  Marine, Siege Tank  
  138  10:22  Refinery  
  138  10:25  Marauder  
  138  10:28  SCV x3  
  146  10:32  Terran Infantry Armor Level 1  
  146  10:33  Medivac  
  149  10:40  SCV x2  
  151  10:47  Starport, Marauder  
  153  10:50  Starport  
  153  10:51  SCV  
  153  10:52  SCV x2  
  153  10:53  Planetary Fortress, Siege Tank  
  159  11:03  SCV, Medivac  
  162  11:04  SCV x2  
  162  11:08  Marauder  
  166  11:27  Concussive Shells  
  166  11:35  Supply Depot  
  166  11:37  SCV x2, Supply Depot  
  166  11:38  SCV  
  169  11:43  Command Center  
  169  11:45  Marauder  
  169  11:46  Marine  
  172  11:49  Starport Reactor  
  172  11:53  Engineering Bay  
  172  11:56  Marine x3, SCV x2, Viking  
  172  11:57  Armory  
  179  12:01  Supply Depot  
  179  12:02  Siege Tank  
  179  12:04  Marine  
  179  12:07  Marauder  
  185  12:09  Combat Shield  
  185  12:14  Marine x3  
  188  12:24  Supply Depot  
  188  12:26  Marine, Viking  
  188  12:28  Marauder  
  193  12:32  Marine x2  
  193  12:33  SCV  
  196  12:46  SCV x3  
  199  12:58  SCV  
  200  13:18  Siege Tank  
  177  13:50  Siege Tank  
  180  14:05  Marine x4  
  180  14:06  Marine  
  185  14:10  Viking  
  185  14:15  Starport Reactor  
  185  14:16  Viking x2  
  191  14:22  Siege Tank  
  191  14:23  Marine x4  
  190  14:24  Marauder  
  171  14:40  Viking  
  171  14:41  Marine x2  
  159  14:45  Marauder  
  159  14:46  Viking x2  
  156  14:54  Siege Tank  
  149  15:07  Marauder  
  149  15:10  Viking  
  142  15:17  Marine  
  142  15:18  Marine x3  
  146  15:26  Siege Tank  
  146  15:28  Marauder  
  150  15:29  Viking x2  
  154  15:35  Marine  
  154  15:36  Marine x3  
  154  15:40  Viking  
  160  15:49  Marine  
  161  15:53  Marine x3  
  161  15:54  Marine  
  164  15:59  Viking x2, Siege Tank  
  163  16:07  Marine  
  163  16:10  Viking  
  133  16:25  Marauder  
  121  16:28  Marine x2  
  121  16:29  Marine x2, Viking x2  
  121  16:31  Siege Tank  
  103  16:46  Marine x2  
Tags
 
Add a new tag
Caveats
  • Supply blocks, unpowered buildings, or Contaminate may cause inaccurate times.
  • Supply counts are checked every 10 seconds.